 Dungeon Crawl Stone Soup version 0.18.1-5-g4a78601 (webtiles) character file.

1567 Rattbag the Skirmisher (level 8, -16/73 HPs)
             Began as a Hill Orc Abyssal Knight on May 14, 2016.
             Was an Elder of Lugonu.
             Killed from afar by a wretched star (20 damage)
             ... with an orb of energy
             ... on level 2 of the Abyss.
             The game lasted 00:43:41 (2828 turns).

Rattbag the Skirmisher (Hill Orc Abyssal Knight)    Turns: 2828, Time: 00:43:42

Health: -16/73     AC: 18    Str: 17    XL:     8   Next: 90%
Magic:  20/20      EV:  8    Int: 10    God:    Lugonu [****..]
Gold:   173        SH:  0    Dex: 10    Spells: 0 memorised, 7 levels left

rFire  . . .     SeeInvis .     n - +1 flail (protect)
rCold  + . .     Gourm    .     j - +1 chain mail
rNeg   . . .     Faith    .     (no shield)
rPois  .         Spirit   .     (no helmet)
rElec  .         Dismiss  .     (no cloak)
rCorr  +         Reflect  .     (no gloves)
SustAt .         Harm     .     p - +1 pair of boots "Jivar" {rC+ MR+ rCorr Int-2}
MR     +....                    r - amulet of magic regeneration
Stlth  ..........               d - ring of magical power
                                h - ring of resist corrosion

@: somewhat resistant to hostile enchantments, extremely unstealthy
A: no striking features
a: Depart the Abyss, Bend Space, Banish, Corrupt, Renounce Religion


You were on level 2 of the Abyss.
You worshipped Lugonu.
Lugonu was greatly pleased with you.
You were full.

You visited 1 branch of the dungeon, and saw 8 of its levels.
You visited the Abyss 2 times.

You collected 173 gold pieces.

Inventory:

Hand Weapons
 a - a +2 spear
 g - a +0 falchion
 n - a +1 flail of protection (weapon)
 o - a +0 flail
 s - a +0 long sword
 A - a +3 quarterstaff of chaos
Armour
 b - a +0 leather armour
 e - a +0 pair of boots
 j - a +1 chain mail (worn)
 p - the +1 pair of boots "Jivar" (worn) {rC+ MR+ rCorr Int-2}
   (You found it on level 5 of the Dungeon)

   It affects your intelligence (-2).
   It protects you from cold.
   It affects your resistance to hostile enchantments.
   It protects you from acid and corrosion.
 x - a +0 plate armour
Magical Staves
 l - an uncursed staff of energy {unknown}
Jewellery
 d - a ring of magical power (right hand)
 h - a ring of resist corrosion (left hand)
 q - an uncursed ring of positive energy {unknown}
 r - an amulet of magic regeneration (around neck)
Wands
 k - a wand of iceblast (10/15)
 t - a wand of random effects (0/48)
Scrolls
 i - a scroll of recharging
 u - a scroll of brand weapon {unknown}
Potions
 m - a potion of flight
 w - 2 potions of brilliance
 z - a potion of degeneration
Comestibles
 c - 4 bread rations
 f - a meat ration


   Skills:
 + Level 7.2 Fighting
 + Level 2.0 Maces & Flails
 + Level 5.9 Polearms
 + Level 6.8 Armour
 + Level 2.8 Dodging
 + Level 0.3 Stealth
 + Level 4.5 Invocations
 + Level 1.2 Evocations


You had 7 spell levels left.
You didn't know any spells.

Dungeon Overview and Level Annotations

Branches:
Dungeon (8/15)
 Temple: D:4-7         Lair: D:8-11

Altars:
Ashenzari
Okawaru
Ru

Annotations:
D:2 Ijyb
D:7 Denapoli's ghost, novice FoFi
D:8 Maurice
Abyss:1 Pikel


Message History

Deactivating autopickup; reactivate with Ctrl-A.
You are cast into the Abyss!
You stop descending the stairs.
To return, you must find a gate leading back.
Killing monsters will force the Abyss to allow you passage.
This branch contains the abyssal rune of Zot.
Found 32 gold pieces.
Found a gateway leading deeper into the Abyss.
You see here 32 gold pieces.
You see here 32 gold pieces.
You now have 173 gold pieces (gained 32).
You enter the shallow water.
Moving in this stuff is going to be slow.
A wretched star comes into view.
The wretched star glows turbulently.
The orb of energy hits you!
* * * LOW HITPOINT WARNING * * *
The wretched star glows turbulently.
The orb of energy hits you!
You die...

#.# #.# ## #.##.#
##.##.#.# #
#.#....###...
#.#........§ ♣.#
#......>...
≈....##..#...#..§
≈≈........### ##§
≈....≈##@≈≈♣..##
≈....≈≈≈≈≈≈....#
≈≈...≈≈≈≈.≈♣...#
≈≈≈..≈≈≈≈≈≈♣...#
≈≈...≈≈≈*≈≈♣ .##
≈≈....≈≈≈≈≈♣
≈≈#≈.#≈♣≈♣#
≈≈.≈.≈≈ .#
♣≈..♣♣# ..


You could see a wretched star.

Vanquished Creatures
  The ghost of Aelig the Stinger, an amateur OpVM (D:5)
  A sky beast (D:6)
  A slave (D:6)
  2 centaurs (D:6)
  A giant frog (D:7)
  3 scorpions
  A howler monkey (D:4)
  A giant frog zombie (D:8)
  2 hounds
  Crazy Yiuf (D:6)
  An orc wizard (D:5)
  Jessica (D:3)
  An iguana (D:5)
  3 worker ants
  A killer bee zombie (D:6)
  A worker ant zombie (D:6)
  6 adders
  A shadow imp (D:5)
  An ooze (D:1)
  3 dart slugs
  7 giant geckos
  19 orcs
  A giant cockroach (D:5)
  7 goblins
  6 hobgoblins
  4 jackals (D:2)
  A quokka (D:3)
  2 ball pythons
  4 bats
  A giant gecko skeleton (D:6)
  4 giant newts
  3 kobolds
  6 rats
98 creatures vanquished.

Vanquished Creatures (others)
  3 slaves (D:6)
  A centaur (D:6)
  A jelly (D:8)
  2 orc wizards
  An orc priest (D:6)
8 creatures vanquished.

Grand Total: 106 creatures vanquished

Notes
Turn   | Place    | Note
--------------------------------------------------------------
     0 | Abyss:1  | Rattbag the Hill Orc Abyssal Knight began the quest for the Orb.
     0 | Abyss:1  | Reached XP level 1. HP: 19/19 MP: 2/2
     8 | D:1      | Escaped the Abyss
    79 | D:1      | Reached skill level 4 in Fighting
    79 | D:1      | Reached XP level 2. HP: 22/27 MP: 3/3
   395 | D:1      | Reached ** piety under Lugonu
   447 | D:1      | Reached XP level 3. HP: 34/34 MP: 5/5
   512 | D:1      | Reached skill level 1 in Dodging
   579 | D:2      | Found a sacrificial altar of Ru.
   671 | D:2      | Noticed Ijyb
   783 | D:2      | Reached XP level 4. HP: 18/41 MP: 6/6
  1050 | D:3      | Noticed Jessica
  1066 | D:3      | Killed Jessica
  1178 | D:3      | Reached *** piety under Lugonu
  1215 | D:4      | Reached skill level 5 in Fighting
  1215 | D:4      | Reached XP level 5. HP: 16/48 MP: 7/7
  1254 | D:4      | Found a shattered altar of Ashenzari.
  1407 | D:5      | Entered Level 5 of the Dungeon
  1427 | D:5      | Reached XP level 6. HP: 42/56 MP: 8/8
  1472 | D:5      | Got a pair of twisted boots
  1478 | D:5      | Identified the +1 pair of boots "Jivar" {rC+ MR+ rCorr Int-2} (You found it on level 5 of the Dungeon)
  1588 | D:5      | Noticed Aelig's ghost (amateur OpVM)
  1607 | D:5      | Killed Aelig's ghost
  1607 | D:5      | Reached XP level 7. HP: 53/62 MP: 9/9
  1703 | D:5      | Reached skill level 5 in Armour
  1929 | D:6      | Reached skill level 6 in Fighting
  2005 | D:6      | Noticed Crazy Yiuf
  2015 | D:6      | Killed Crazy Yiuf
  2015 | D:6      | Reached skill level 5 in Polearms
  2015 | D:6      | Reached XP level 8. HP: 23/71 MP: 10/10
  2070 | D:6      | Noticed Pikel
  2088 | D:6      | Banished Pikel
  2485 | D:7      | Reached skill level 1 in Evocations
  2543 | D:7      | Reached skill level 1 in Maces & Flails
  2545 | D:7      | Found an iron altar of Okawaru.
  2571 | D:7      | Reached skill level 7 in Fighting
  2606 | D:7      | Noticed Denapoli's ghost (novice FoFi)
  2709 | D:8      | Reached **** piety under Lugonu
  2792 | D:8      | Noticed Maurice
  2813 | D:8      | Cast into level 2 of the Abyss (Maurice)
  2826 | Abyss:2  | Noticed a wretched star
  2827 | Abyss:2  | HP: 3/73 [wretched star/orb of energy (15)]
  2828 | Abyss:2  | Killed from afar by a wretched star

Skill      XL: |  1  2  3  4  5  6  7  8 |
---------------+-------------------------+-----
Fighting       | 4 5 6 7 |  7.2
Dodging        | 1 2 |  2.8
Polearms       | 3 4 5 |  5.9
Armour         | 3 4 5 6 |  6.8
Invocations    | 3 4 |  4.5
Evocations     | 1 |  1.2
Maces & Flails | 2 |  2.0
Stealth        | |  0.3

Action                   |  1- 3 |  4- 6 |  7- 9 || total
-------------------------+-------+-------+-------++-------
Melee: Spear             |   156 |   144 |   125 ||   425
       Flail             |       |       |    93 ||    93
Invok: Bend Space        |     1 |       |     1 ||     2
       Banish            |       |       |     4 ||     4
Evoke: Wand              |       |     2 |     6 ||     8
  Use: Scroll            |     4 |     1 |     9 ||    14
       Potion            |       |     5 |     2 ||     7
  Eat: Royal jelly       |       |     1 |       ||     1
       Beef jerky        |       |       |     1 ||     1
       Meat ration       |       |       |     1 ||     1
       Bread ration      |       |       |     1 ||     1
Armor: Leather armour    |     6 |       |       ||     6
       Chain mail        |    81 |    69 |   129 ||   279
       Skin              |       |       |     6 ||     6
Dodge: Dodged            |    59 |    41 |    87 ||   187
